Map: Ulrena

Players

FoxeR

  • Race: Terran Terran
  • League: Master

avilo - Winner!

  • Race: Terran Terran
  • League: Master

VOD

Have the link to the VOD?

Description

Time

  • Played on: Jan. 18, 2016, 10:42 p.m.
  • Length: 9:50
Show
View Real Time Build Order
Export as new Build Order

FoxeR Terran 

Build Orders: 1/1/1, Cyclone Opening 

Get SALT Encoding   

  12  0:00  SCV  
  13  0:13  SCV  
  14  0:17  Supply Depot  
  14  0:25  SCV  
  15  0:39  SCV  
  15  0:40  Barracks  
  16  0:46  Refinery  
  16  0:51  SCV  
  16  0:54  Refinery  
  17  1:03  SCV  
  18  1:15  SCV  
  19  1:27  Marine  
  19  1:29  Orbital Command  
  20  1:37  Factory  
  20  1:45  Marine  
  21  1:51  Supply Depot  
  21  1:55  SCV  
  22  2:06  Marine  
  23  2:12  SCV  
  24  2:22  Factory Tech Lab, Starport  
  24  2:23  Marine  
  24  2:28  SCV  
  26  2:32  Supply Depot  
  26  2:43  Cyclone  
  29  2:44  Marine  
  29  2:48  SCV  
  31  2:58  Supply Depot  
  31  3:00  Medivac  
  33  3:07  Marine  
  33  3:15  Cyclone  
  32  3:28  Marine  
  33  3:40  Command Center  
  33  3:46  Marine  
  33  3:48  Liberator  
  34  3:55  SCV  
  35  4:02  Barracks  
  35  4:05  Barracks  
  38  4:13  Engineering Bay  
  38  4:17  SCV  
  39  4:27  Marine  
  39  4:28  Widow Mine  
  42  4:33  SCV  
  41  4:45  Marine  
  41  4:51  Marine  
  41  4:55  Marine  
  41  4:58  SCV  
  41  5:03  Marine  
  42  5:07  Orbital Command  
  42  5:09  Marine  
  42  5:11  Medivac  
  42  5:13  Marine  
  46  5:16  SCV  
  44  5:26  Marine  
  44  5:27  Marine  
  44  5:28  Factory Tech Lab  
  46  5:29  SCV  
  47  5:41  SCV x2  
  47  5:42  Terran Infantry Weapons Level 1  
  49  5:45  Missile Turret  
  45  5:57  Marine  
  45  6:02  Marine x2  
  48  6:07  SCV  
  45  6:12  Orbital Command  
  45  6:15  Marine  
  38  6:20  Marine x2  
  30  6:27  Orbital Command  
  30  6:28  Siege Tank  
  31  6:32  Marine  
  31  6:34  Medivac  
  31  6:38  Marine x2  
  36  6:50  Marine  
  37  6:56  Marine  
  37  7:00  Siege Tank  
  43  7:01  SCV x2  
  43  7:08  Marine  
  44  7:13  Medivac  
  46  7:24  Supply Depot  
  46  7:26  Marine x2  
  48  7:35  Siege Tank  
  51  7:43  Marine  
  52  7:44  Marine  
  52  7:50  Medivac  
  55  7:57  Barracks  
  55  8:01  Marine  
  55  8:02  Marine  
  49  8:19  Siege Tank, Marine  
  53  8:20  Marine  
  51  8:37  Marine x2  
  53  8:52  Barracks Tech Lab  
  53  8:55  Marine x2  
  55  9:17  Factory Tech Lab  
  55  9:22  Marine x2  
Show
View Real Time Build Order
Export as new Build Order

avilo Terran - Winner!

Build Orders: Cyclone Opening 

Get SALT Encoding   

  12  0:00  SCV  
  13  0:12  SCV  
  14  0:21  Supply Depot  
  14  0:24  SCV  
  15  0:32  Refinery  
  15  0:43  SCV  
  15  0:47  Barracks  
  16  0:55  SCV  
  17  1:01  Refinery  
  17  1:07  SCV  
  18  1:19  SCV  
  19  1:34  Orbital Command  
  19  1:36  Supply Depot  
  19  1:42  Barracks Tech Lab  
  19  1:51  Factory  
  19  2:00  SCV  
  20  2:06  Marauder  
  22  2:09  Concussive Shells  
  22  2:14  SCV  
  23  2:26  SCV  
  23  2:27  Marauder  
  26  2:35  Starport  
  26  2:36  Factory Tech Lab  
  26  2:39  SCV  
  27  2:48  Supply Depot  
  27  2:51  SCV  
  27  2:58  Cyclone  
  31  3:05  Engineering Bay  
  31  3:10  SCV  
  31  3:11  Liberator  
  30  3:28  SCV  
  32  3:41  Cyclone  
  35  3:42  SCV  
  35  3:46  Missile Turret  
  35  3:54  SCV, Marauder  
  38  4:06  SCV  
  38  4:09  Supply Depot  
  39  4:16  Marauder  
  41  4:28  SCV  
  41  4:29  Siege Tank  
  45  4:50  SCV  
  37  5:02  SCV  
  37  5:05  Siege Tank  
  37  5:06  Viking  
  43  5:11  Command Center  
  43  5:14  SCV  
  44  5:26  SCV  
  45  5:37  Command Center  
  45  5:39  SCV  
  45  5:40  Barracks  
  46  5:52  Factory Tech Lab, Viking  
  48  6:09  Marine  
  49  6:12  Stimpack, Barracks  
  49  6:13  Barracks  
  49  6:23  SCV  
  49  6:25  Cyclone, Viking  
  53  6:31  Marine  
  54  6:46  SCV  
  55  6:47  Marine  
  55  6:49  Marine  
  57  6:54  Orbital Command  
  57  6:55  Orbital Command  
  57  6:59  Starport  
  57  7:04  Medivac  
  57  7:14  SCV  
  58  7:17  Marine x4  
  62  7:26  SCV  
  63  7:33  SCV  
  63  7:34  Marine x2  
  63  7:35  Medivac, Marine  
  69  7:40  Marine  
  69  7:42  SCV x2  
  69  7:44  Missile Turret  
  72  7:52  Marine x2  
  72  7:56  Marine  
  72  7:58  Medivac, Marine  
  73  8:09  SCV  
  73  8:10  Marine x2  
  68  8:14  Marine  
  68  8:16  SCV, Marine  
  71  8:26  SCV  
  72  8:28  Bunker, Marine x2  
  72  8:29  Supply Depot  
  72  8:32  Marine  
  66  8:44  Marine  
  66  8:45  Medivac  
  66  8:46  Marine x2  
  71  8:49  Marine  
  72  9:00  Refinery  
  72  9:01  Refinery  
  72  9:03  Marine x2  
  72  9:04  Marine  
  72  9:07  Marine  
  76  9:15  Orbital Command  
  76  9:21  Marine x3  
  77  9:25  Marine  
Tags
 
Add a new tag
Caveats
  • Supply blocks, unpowered buildings, or Contaminate may cause inaccurate times.
  • Supply counts are checked every 10 seconds.